[Event "Dutch Open 2022"]
[Site "Dieren"]
[Date "2022.08.04"]
[Round "9.1"]
[White "De Winter, Arthur"]
[Black "Balaji Sekar"]
[Result "0-1"]
[ECO "B99"]
[WhiteElo "2150"]
[BlackElo "1189"]
[Annotator "TA"]
[PlyCount "54"]
[EventDate "2022.07.14"]
[EventType "swiss"]
[EventCountry "NED"]
[SourceTitle "playchess.com"]
[Source "ChessBase"]
[SourceQuality "1"]
[TimeControl "40/5400+30:1800+30"]

1. e4 c5 2. Nf3 d6 3. d4 cxd4 4. Nxd4 Nf6 5. Nc3 a6 6. Bg5 e6 7. f4 Be7 8. Qf3 Qc7 9. O-O-O Nbd7 10. f5 e5 {[%emt 0:07:32] B99: Sicilian Najdorf: 6 Bg5 e6 7 f4 Be7 8 Qf3 Qc7 9 0-0-0 Nbd7.} 11. Nde2 (11. Nb3 $14) 11... b5 $1 $15 12. Bxf6 Nxf6 {[%emt 0:00:32] Black is slightly better.} 13. Nd5 Nxd5 14. exd5 Bd7 (14... O-O $15) 15. Ng3 $1 $11 Rc8 {[%emt 0:11:50][%csl Gc8][%cal Rc7c2] [#]} 16. Bd3 a5 17. Nh5 {[%emt 0:26:36] [#]} Bf6 $146 ({Predecessor:} 17... g6 18. Ng7+ Kf8 19. fxg6 hxg6 20. Ne6+ Bxe6 21. dxe6 f6 22. Bxg6 Qc4 23. Kb1 Rd8 24. Rd5 a4 25. Bd3 Qc8 26. Qf5 b4 27. g4 Rg8 28. Rf1 Qc6 29. Qh7 {1-0 (29) Li,H (2193)-O'Gorman,T (2153) Dublin 2019}) 18. g4 a4 ({Don't do} 18... Bg5+ 19. Kb1 $14) 19. h4 (19. a3 $14) 19... Kf8 (19... a3 $11 20. g5 (20. Nxf6+ gxf6 21. bxa3 Qa5 $17) 20... axb2+ 21. Kxb2 Qc3+ 22. Kb1 Qb4+ 23. Ka1 Qd4+ 24. Kb1 Qb4+ 25. Ka1 Qd4+ 26. Kb1 Qb4+) 20. Kb1 ({White should play} 20. g5 $16 Bd8 21. f6) 20... e4 $2 (20... a3 $1 $15 {stays ahead.} 21. bxa3 (21. Nxf6 gxf6 22. bxa3 Qc5 $17) 21... Qc5) 21. Bxe4 $16 Be5 {[%emt 0:00:12] [#]} 22. Rde1 $2 ({White should try} 22. f6 $1 $16 g6 23. Nf4) 22... Qc4 $11 23. a3 {[%emt 0:03:32] Prevents Qb4.} (23. Nf4 $1 $11 {keeps the balance.}) 23... b4 $40 {[%emt 0:01:01][%mdl 128] Strongly threatening ...Qd4. White is in trouble.} 24. axb4 $2 {[%emt 0:00:43][%mdl 8192] Loses the game.} (24. Qe3 $17) 24... Qxb4 $19 25. Qa3 Qxa3 26. bxa3 g6 27. fxg6 hxg6 {[%emt 0:00:02] Weighted Error Value: White=0.58/Black=0.32} 0-1

[Event "Dutch Open 2022"]
[Site "Dieren"]
[Date "2022.08.04"]
[Round "9.2"]
[White "Gilmanov, Mansur"]
[Black "Lahaye, Rick"]
[Result "1/2-1/2"]
[ECO "A11"]
[WhiteElo "2377"]
[BlackElo "2417"]
[Annotator "TA"]
[PlyCount "36"]
[EventDate "2022.07.14"]
[EventType "swiss"]
[EventCountry "NED"]
[SourceTitle "playchess.com"]
[Source "ChessBase"]
[SourceQuality "1"]
[TimeControl "40/5400+30:1800+30"]

1. Nf3 d5 2. e3 Nf6 3. c4 e6 4. Nc3 c6 5. b3 Be7 6. Bb2 {[%emt 0:01:28] A11: English Opening: 1...c6.} O-O 7. Qc2 Nbd7 8. Be2 a6 9. Rg1 e5 10. g4 {[%emt 0:10:55] Hoping for g5.} e4 11. Nd4 Ne5 {[%emt 0:10:57][%cal Rc8g4] [#]} 12. Nf5 $146 (12. cxd5 $11 cxd5 13. g5) ({Predecessor:} 12. g5 Nfg4 13. f3 exf3 14. Nxf3 Nxf3+ 15. Bxf3 Nxh2 16. Be2 d4 17. exd4 Qd7 18. O-O-O {1-0 (33) Rodriguez del Cerro,R (2184)-Gil Quilez,S (2102) Linares 2019}) 12... Bxf5 $15 13. gxf5 Bd6 ({Black should play} 13... Qd6 $15) 14. O-O-O (14. cxd5 $14 cxd5 15. Nxd5) 14... b5 15. c5 $1 {[%emt 0:09:01] The position is equal.} Bc7 16. d3 exd3 17. Bxd3 Nf3 {[%emt 0:00:31][%csl LRg1,LRh2] Pair of Knights!} 18. Rg2 {[%emt 0:09:56] [#] Strongly threatening Be2.} Nh4 {[%emt 0:10:23] Weighted Error Value: White=0.23 (precise) /Black=0.26 (precise)} (18... Bxh2 $2 19. Be2 Be5 20. Bxf3 $18) 1/2-1/2

[Event "Dutch Open 2022"]
[Site "Dieren"]
[Date "2022.08.04"]
[Round "9.3"]
[White "Elgersma, Onno"]
[Black "Van Roon, Sjoerd"]
[Result "0-1"]
[ECO "E14"]
[WhiteElo "2316"]
[BlackElo "2310"]
[Annotator "TA"]
[PlyCount "104"]
[EventDate "2022.07.14"]
[EventType "swiss"]
[EventCountry "NED"]
[SourceTitle "playchess.com"]
[Source "ChessBase"]
[SourceQuality "1"]
[TimeControl "40/5400+30:1800+30"]

1. d4 d5 2. Nf3 Nf6 3. e3 e6 4. c4 Be7 5. Bd3 O-O 6. O-O dxc4 7. Bxc4 b6 8. Qe2 Bb7 9. Rd1 Nbd7 10. Nc3 Ne4 11. Nxe4 Bxe4 12. b3 {[%emt 0:00:10] E14: Queen's Indian: Classical Variation (4 e3).} c5 13. Bb2 {[%emt 0:07:17] And now dxc5 would win.} Bf6 {[%emt 0:04:43] [#]} (13... Qc7 $14) 14. Rac1 $146 (14. Ne5 $16) ({Predecessor:} 14. Bb5 cxd4 15. Nxd4 Qe7 16. f3 Bd5 17. e4 Bb7 18. Bxd7 Qxd7 19. Nb5 Qe7 20. Ba3 {1-0 (20) Campioli,M-Spigel,D ICCF corr 1989}) 14... Qe7 15. Bb5 Rfd8 16. Ba3 Rac8 17. Bxd7 Rxd7 18. Nd2 Bb7 19. dxc5 bxc5 20. Nc4 Ba6 21. h3 Qd8 22. Qf3 Rd5 23. e4 Rxd1+ 24. Rxd1 Bd4 25. Ne3 Bb7 {[%emt 0:04:37][%cal Of7f5,Ba6b7,Bb7e4,Be4d5][%mdl 32] This bishop pair is nice.} (25... Qa5 {feels hotter.} 26. Nc2 Bf6 27. e5 Bxe5 28. Rd7 f6) 26. Bb2 f5 27. Bxd4 cxd4 28. Nc4 Bxe4 29. Qe2 (29. Qf4 $11) 29... Qf6 $15 30. Nd6 (30. f3 $142 Bd5 31. f4) 30... Rc2 $40 {[%emt 0:02:39][%mdl 128] Black mounts an attack.} (30... d3 $17 31. Qe3 Qg6 $1 32. Nxe4 fxe4 33. Qxa7 Qh5) 31. Qb5 {[%emt 0:00:27][%mdl 8192] [#] White does not recover from this.} ({Only move:} 31. Nxe4 $15 Rxe2 32. Nxf6+ gxf6 33. Rxd4) 31... h6 $1 $19 {[%emt 0:02:12][%cal Oe4g2] Black is clearly winning.} 32. Qd7 Bd5 33. Nc8 {[%emt 0:02:48] Threatens to win with Qe8+.} Kh7 {[%emt 0:04:07] White must now prevent ...Qg5.} 34. Ne7 Qh4 35. Rf1 Qe4 36. Nxd5 exd5 {[%emt 0:01:08][%mdl 4096] Endgame KQR-KQR} ({Inferior is} 36... Qxd5 37. Qxd5 exd5 38. Rd1 $17) 37. Qa4 d3 38. Qxe4 fxe4 {[%emt 0:00:09] KR-KR} 39. Rd1 Rxa2 40. Rb1 Rc2 41. Rd1 d2 {[%emt 0:30:56] ( -> ...Rc1)} 42. Kf1 Rc1 43. Ke2 Rxd1 44. Kxd1 {[%emt 0:00:04] KP-KP} Kg6 45. Kxd2 d4 46. Kc2 Kf5 47. g3 h5 48. Kd2 h4 49. Ke2 Ke5 50. Kd2 Kd5 51. gxh4 Kc5 52. f4 exf3 {[%emt 0:00:00] Weighted Error Value: White=0.74/Black=0.07 (flawless)} 0-1

[Event "Dutch Open 2022"]
[Site "Dieren"]
[Date "2022.08.04"]
[Round "9.4"]
[White "Domalchuk-Jonasson, Aleksandr"]
[Black "Ypma, Peter"]
[Result "1/2-1/2"]
[ECO "B07"]
[WhiteElo "2244"]
[BlackElo "2346"]
[Annotator "TA"]
[PlyCount "78"]
[EventDate "2022.07.14"]
[EventType "swiss"]
[EventCountry "NED"]
[SourceTitle "playchess.com"]
[Source "ChessBase"]
[SourceQuality "1"]
[TimeControl "40/5400+30:1800+30"]

1. d4 g6 2. e4 Bg7 3. Nf3 d6 4. c3 Nf6 5. Bd3 O-O 6. h3 e5 7. O-O Nc6 8. a4 {[%emt 0:00:00] [#] B07: Pirc Defence: Miscellaneous Systems.} d5 $146 ({Predecessor:} 8... Nh5 9. Be3 h6 10. b4 Qf6 11. Be2 Nf4 12. Nbd2 g5 13. b5 Ne7 14. Nh2 Nxe2+ 15. Qxe2 Ng6 {0-1 (37) Venegas Ocampo,P (2149)-Figueredo Losada,L (2369) Mexico City 2021}) 9. exd5 Nxd5 10. dxe5 Nxe5 11. Nxe5 Bxe5 12. Re1 Re8 13. Na3 {[%emt 0:00:00] Threatening Bf1.} c6 14. Nc4 Bg7 15. Rxe8+ Qxe8 16. Bf1 {[%emt 0:00:00] The position is equal.} Qe7 17. Ne3 Be6 18. Qf3 Rd8 19. Nxd5 cxd5 20. Be3 d4 21. cxd4 Bxd4 22. Rd1 Bxe3 ({Don't take} 22... Bxb2 {[#]} 23. Bc5 $1 Qxc5 24. Rxd8+ Kg7 25. Qxb7 $16) 23. Rxd8+ Qxd8 24. Qxe3 $11 {[%emt 0:00:00][%mdl 4096] Endgame KQB-KQB} b6 25. a5 bxa5 26. Qxa7 h5 27. Qe3 Qd1 {[%emt 0:03:30] [#] Hoping for ...Bc4.} 28. Qd3 {[%emt 0:00:00] Inhibits Bc4.} Qc1 29. Qb5 Qd2 30. Qd3 Qb4 31. Qc2 Kf8 32. Bd3 Qe1+ 33. Kh2 Qe5+ 34. Kg1 h4 35. Be4 g5 36. Bf3 Kg7 37. Qd2 Kg6 38. Bd1 f5 39. b4 axb4 {[%emt 0:02:24] A rather calm draw.  Weighted Error Value: White=0.03 (flawless) /Black=0.04 (flawless)} 1/2-1/2

[Event "Dutch Open 2022"]
[Site "Dieren"]
[Date "2022.08.04"]
[Round "9.5"]
[White "Stillger, Bernhard"]
[Black "Grutter, Tim"]
[Result "1/2-1/2"]
[ECO "E92"]
[WhiteElo "2245"]
[BlackElo "2246"]
[Annotator "TA"]
[PlyCount "82"]
[EventDate "2022.07.14"]
[EventType "swiss"]
[EventCountry "NED"]
[SourceTitle "playchess.com"]
[Source "ChessBase"]
[SourceQuality "1"]
[TimeControl "40/5400+30:1800+30"]

1. d4 Nf6 2. Nf3 g6 3. c4 Bg7 4. Nc3 O-O 5. e4 d6 6. Be2 e5 7. dxe5 dxe5 8. Qxd8 Rxd8 9. Bg5 Re8 10. Nd5 Nxd5 11. cxd5 c6 12. Bc4 cxd5 13. Bxd5 Na6 14. O-O-O Nc7 15. Bb3 Be6 (15... a5 {looks sharper.} 16. Bd8 Bg4 17. Bxc7 Rec8) 16. Bxe6 {[%emt 0:05:26] E92: King's Indian: Classical: 6 Be2 e5: 7 dxe5, 7 Be3 and Petrosian System without 7...Nbd7.} Nxe6 17. Be3 f5 {[%emt 0:05:21] [#]} 18. Ng5 $146 ({Predecessor:} 18. Kb1 b6 19. Rhe1 Rad8 20. Ng5 Nf8 21. Nf3 Ne6 22. Ng5 Nf8 23. Nf3 Ne6 24. Ng5 {½-½ (24) Mellado Trivino,J (2434)-Movsziszian,K (2558) Can Picafort 2008}) 18... Rac8+ (18... Nd4 {with more complications.} 19. exf5 Rac8+ 20. Kb1 gxf5 21. Rhe1 Nc2) 19. Kb1 Nxg5 (19... Nd4 {feels hotter.} 20. exf5 gxf5 21. Rhe1 Nc2) 20. Bxg5 Rc4 21. Rhe1 Rec8 {[%emt 0:05:12] The position is equal.} 22. f3 R8c7 23. b3 Rc2 24. Rc1 Rxc1+ 25. Rxc1 $11 {[%emt 0:00:02][%mdl 4096] Endgame KRB-KRB} Rd7 26. Be3 b6 27. Kc2 Bf8 28. Rd1 Rc7+ 29. Kb2 Kf7 30. a4 Bb4 31. Rd3 Ke6 32. Bd2 Bxd2 33. Rxd2 {[%emt 0:00:02] KR-KR} h5 34. Rd8 Kf6 35. h4 fxe4 36. fxe4 Ke6 37. Re8+ Kf6 38. Rf8+ Ke7 39. Rh8 Kf6 40. Rf8+ Ke7 41. Rh8 Kf6 {[%emt 0:23:10] Not much happened in this game.  Weighted Error Value: White=0.03 (flawless) /Black=0.03 (flawless)} 1/2-1/2

[Event "Dutch Open 2022"]
[Site "Dieren"]
[Date "2022.08.04"]
[Round "9.6"]
[White "Baselmans, Luuk"]
[Black "Maatman, Nick"]
[Result "1/2-1/2"]
[ECO "C56"]
[WhiteElo "2256"]
[BlackElo "2368"]
[Annotator "TA"]
[PlyCount "109"]
[EventDate "2022.07.14"]
[EventType "swiss"]
[EventCountry "NED"]
[SourceTitle "playchess.com"]
[Source "ChessBase"]
[SourceQuality "1"]
[TimeControl "40/5400+30:1800+30"]

1. e4 e5 2. Nf3 Nc6 3. d4 exd4 4. Bc4 Nf6 5. e5 d5 6. Bb5 Nd7 7. O-O Be7 8. Bxc6 bxc6 9. Nxd4 {[%emt 0:00:00][%cal Bf3d4,Bd4e2,Be2g3,Bg3h5,Bh5f4][%mdl 32] C56: Two Knights: 4 d4 exd4 5 0-0 Nxe4.} Nb8 10. Nc3 O-O 11. Qf3 a5 12. Bf4 Ra6 13. Rad1 c5 {[%emt 0:00:55] [#]} 14. Nde2 $146 ({Predecessor:} 14. Ndb5 d4 15. Nd5 Rg6 16. h3 Na6 17. Bg3 Bg5 18. Na3 Nb4 19. Nc3 f5 20. exf6 Bxf6 {0-1 (67) Robson,R (2676)-Demchenko,A (2654) Chess.com INT 2022}) 14... c6 15. Ng3 Be6 16. Nh5 Kh8 17. Rfe1 Nd7 18. Bg3 a4 19. Ne2 g6 20. Nhf4 Bf5 (20... g5 $5 21. Nxe6 fxe6 $11) 21. c4 d4 ({Don't play} 21... Nxe5 {[#]} 22. Nxg6+ $1 fxg6 23. Bxe5+ Kg8 24. cxd5 $14) 22. Nc1 Be6 ({Better is} 22... Bg5 $15) 23. Nxe6 $14 fxe6 24. Qg4 Rf5 25. Nd3 Rb6 26. Re4 Qg8 27. Rf1 Qf7 28. Qd1 Ra6 29. f4 h5 30. Re2 Nb6 31. Rc2 {[%emt 0:00:24] White is more active.} Ra8 32. Qf3 Rc8 33. Be1 g5 $1 34. Qe4 Qg6 (34... gxf4 $11 {remains equal.} 35. b3 Qh7) 35. Ba5 Nd7 36. Rcf2 g4 37. Rc2 Kh7 38. Be1 Rff8 39. Nf2 (39. Qe2 $14 {deserves consideration.}) 39... Qxe4 $11 (39... Rxf4 $2 40. Qxf4 Bg5 41. Qe4 $18) 40. Nxe4 Kg6 41. Ba5 h4 42. Re2 Rb8 43. Bc7 Rb4 44. Bd6 Bxd6 45. Nxd6 Rf5 46. g3 h3 47. Kf2 Rf8 {[%emt 0:00:00] [#] Hoping for ...d3. The position is equal.} 48. f5+ Rxf5+ 49. Nxf5 Kxf5 {[%emt 0:00:00][%mdl 4096] Endgame KRR-KRN} 50. Ke1+ Kg5 51. Rf7 Nb6 52. Rg7+ Kf5 53. Rf7+ Kg5 54. Rg7+ Kf5 $1 55. Rf7+ {[%emt 0:00:09] Weighted Error Value: White=0.09 (flawless) /Black=0.11 (very precise)} 1/2-1/2

[Event "Dutch Open 2022"]
[Site "Dieren"]
[Date "2022.08.04"]
[Round "9.7"]
[White "Baselmans, Sam"]
[Black "Pijkeren, Jan"]
[Result "1-0"]
[ECO "B26"]
[WhiteElo "2182"]
[BlackElo "2196"]
[Annotator "TA"]
[PlyCount "61"]
[EventDate "2022.07.14"]
[EventType "swiss"]
[EventCountry "NED"]
[SourceTitle "playchess.com"]
[Source "ChessBase"]
[SourceQuality "1"]
[TimeControl "40/5400+30:1800+30"]

1. e4 c5 2. Nc3 Nc6 3. g3 g6 4. Bg2 Bg7 5. d3 d6 6. Be3 e5 7. Nge2 Nge7 8. Qd2 Nd4 9. O-O-O {[%emt 0:11:04] B26: Closed Sicilian: 3 g3, lines with early Be3.} Qa5 10. Kb1 $1 {[%emt 1:19:24] [#]} b5 $146 ({Predecessor:} 10... Be6 11. Nc1 b5 12. h4 h5 13. Rdf1 Rc8 14. Qd1 c4 15. Bh3 f5 16. f4 b4 17. Bxd4 exd4 {0-1 (26) Chadaeva,T (1835)-Styazhkina,A (1999) Moscow 2011}) 11. Nxd4 {[%emt 0:00:00] The position is equal.} cxd4 12. Ne2 b4 $15 13. Bh6 {[%emt 0:00:00] [#]} Be6 $1 14. Nc1 Bxh6 15. Qxh6 Qc7 16. Qd2 (16. h4 $11) 16... a5 $17 17. h4 h5 18. f4 Kd7 (18... Rb8 $17) 19. Rhf1 (19. Bh3 $15) 19... Rhc8 20. Rf2 a4 21. Qxb4 Rcb8 22. Qa3 (22. Qd2 $1 $15) 22... Ra5 $1 $19 23. Rdf1 (23. fxe5 {was necessary.} dxe5 24. Ne2) 23... Kd8 24. fxe5 dxe5 {[%emt 0:00:17] Threatens to win with ...Rab5.} 25. Rxf7 (25. Ne2 {was the only chance.} Rab5 26. c4 Rxb2+ 27. Qxb2) 25... Bxf7 26. Rxf7 {[%emt 0:00:00] Strongly threatening Rf8+.} Qc5 $2 ({Black should try} 26... Ke8 $19 27. Rh7 Rb6) 27. Qxc5 $11 {[%emt 0:00:00] Dancing on a razor blade.} Rxc5 28. Bh3 (28. Rf8+ $11 {deserves consideration.} Kc7 29. Rf3) 28... Rc6 ({Black should play} 28... Ke8 $15 29. Rh7 Rb6 30. Rh8+ Kf7) 29. Ne2 {[%emt 0:00:00] [#]} (29. Rf8+ $11 {keeps the balance.} Kc7 30. Rf7) 29... Ng8 $2 {[%emt 0:04:06][%mdl 8192] [#]} (29... Ke8 $1 $17 30. Rf1 Rb7) 30. Rd7+ $18 Ke8 31. Rd5 {[%emt 0:00:00] Weighted Error Value: White=0.36/Black=0.57} 1-0

[Event "Dutch Open 2022"]
[Site "Dieren"]
[Date "2022.08.04"]
[Round "9.8"]
[White "Op den Dries, Johan"]
[Black "Burdalev, Kirill"]
[Result "1/2-1/2"]
[ECO "C51"]
[WhiteElo "2104"]
[BlackElo "2381"]
[Annotator "TA"]
[PlyCount "114"]
[EventDate "2022.07.14"]
[EventType "swiss"]
[EventCountry "NED"]
[SourceTitle "playchess.com"]
[Source "ChessBase"]
[SourceQuality "1"]
[TimeControl "40/5400+30:1800+30"]

1. e4 e5 2. Nf3 Nc6 3. Bc4 Bc5 4. b4 Bxb4 5. c3 Be7 6. d4 Na5 7. Nxe5 Nxc4 8. Nxc4 d5 9. exd5 Qxd5 10. Ne3 Qd8 11. O-O Nf6 12. Ba3 {[%emt 0:01:10] C51: Evans Gambit: Declined and Accepted without 5...Ba5.} O-O 13. Bxe7 Qxe7 14. Nd2 {[%emt 0:00:09] The position is equal.} Be6 15. Qf3 c6 16. Rfe1 Qa3 17. Nec4 Qa6 {[%emt 0:01:23] [#]} 18. Nd6 $146 ({Predecessor:} 18. Ne5 Rfd8 19. Ne4 Nxe4 20. Qxe4 Bd5 21. Qh4 Rd6 22. Qg3 Re6 23. h3 Rae8 24. Rec1 {1-0 (36) Shim Ng Min,F (1228)-Alonso,S (1332) IECC email 2018}) 18... Rad8 19. N2e4 Nxe4 20. Nxe4 Bd5 21. Nc5 Qa3 22. Qg3 b6 23. Ne4 Bxe4 24. Rxe4 Rfe8 25. Re3 g6 26. Rae1 (26. Qc7 $1 $11 {remains equal.}) 26... Rxe3 $17 27. Qxe3 Qxa2 {[%emt 0:02:31][%mdl 4096] Endgame KQR-KQR} 28. Qe7 Rf8 29. h4 Qa5 ({Better is} 29... Qd2 $17 30. Rb1 Qxc3 31. Qxa7 Re8 32. Qxb6 Re1+ 33. Rxe1 Qxe1+ 34. Kh2 Qxf2) 30. Re3 $1 $11 h5 31. Qf6 Qf5 32. Qxc6 Qc8 33. Qb5 Qd8 34. g3 Qd6 35. d5 Kg7 36. c4 Rc8 37. Re8 Rxe8 38. Qxe8 {[%emt 0:00:04] KQ-KQ} Kf6 39. Kg2 a6 40. f3 a5 41. g4 hxg4 42. fxg4 {[%emt 0:00:04] [#] aiming for Qc6.} Qf4 43. Qd8+ Kg7 $1 44. d6 (44. g5 $1 $15) 44... Qxg4+ $17 45. Kh2 Qf4+ (45... Qxc4 $6 46. d7 $11) (45... a4 {keeps more tension.} 46. d7 Qe2+ 47. Kg3 Qe1+) 46. Kg2 Qe4+ (46... Qxc4 $6 47. d7 $11) 47. Kh2 $2 {[%emt 0:00:00] [#]} (47. Kg3 $17 {might work better.}) 47... Qe5+ (47... Qxc4 48. d7 $11) (47... a4 $1 $19 {[%cal Ra4a3] is more deadly. Strongly threatening ...a3.} 48. d7 a3) 48. Kg2 Qe2+ (48... a4 {is interesting.} 49. d7 Qe4+ 50. Kh3 a3) 49. Kg3 Qd3+ (49... Qxc4 $6 50. d7 $11) 50. Kh2 Qc2+ (50... Qxc4 $6 51. d7 $11) (50... a4 {with more complications.} 51. d7 Qe2+ 52. Kg3 Qe3+) 51. Kg3 Qc3+ ({Reject} 51... Qxc4 $6 52. d7 $11) 52. Kg2 Qb2+ ({Much weaker is} 52... Qxc4 $6 53. d7 $11) 53. Kg3 Qb3+ 54. Kg2 Qb2+ (54... Qxc4 $6 55. d7 $11) 55. Kg3 Qc3+ 56. Kg2 $1 Qd2+ ({But not} 56... Qxc4 $6 57. d7 $11) 57. Kg3 Qe3+ {[%emt 0:01:47] Weighted Error Value: White=0.12 (very precise) /Black=0.15 (very precise)} (57... a4 $19 58. d7 a3) 1/2-1/2

[Event "Dutch Open 2022"]
[Site "Dieren"]
[Date "2022.08.04"]
[Round "9.9"]
[White "Kumar, Prajit Sai"]
[Black "Van Baar, Esper"]
[Result "0-1"]
[ECO "D02"]
[WhiteElo "2040"]
[BlackElo "2281"]
[Annotator "TA"]
[PlyCount "102"]
[EventDate "2022.07.14"]
[EventType "swiss"]
[EventCountry "NED"]
[SourceTitle "playchess.com"]
[Source "ChessBase"]
[SourceQuality "1"]
[TimeControl "40/5400+30:1800+30"]

1. d4 Nf6 2. Nf3 d5 3. c3 e6 4. Bf4 c5 5. e3 Nc6 6. Nbd2 Bd6 7. Bg3 O-O 8. Bd3 Qe7 9. Ne5 {[%emt 0:00:36] D02: 1 d4 d5 2 Nf3 sidelines, including 2...Nf6 3 g3 and 2...Nf6 3 Bf4.} Qc7 10. f4 Ne7 {[%emt 0:05:25] [#]} 11. Bh4 $146 {[%emt 0:06:16] The position is equal.} ({Predecessor:} 11. Bf2 b6 12. g4 Bb7 13. Qf3 Rad8 14. Rg1 Nd7 15. Qh3 Nf6 16. g5 Ne4 17. Bxe4 dxe4 {0-1 (37) Nechaeva,M (2372)-Samant,A (2433) Chess.com INT 2022}) 11... Ne8 12. Bxe7 Qxe7 13. O-O f5 14. Ndf3 Nf6 15. Qe1 b6 16. Qh4 Bd7 17. g4 g6 18. gxf5 exf5 19. Rf2 Be8 20. Rg2 {[%emt 0:01:05] Black must now prevent Bxf5.} Ne4 21. Bxe4 dxe4 22. Qxe7 (22. Ng5 {seems wilder.} cxd4 23. cxd4 Rc8 24. d5) 22... Bxe7 23. Nd2 Bf7 24. c4 (24. dxc5 $11 {remains equal.} Bxc5 25. Kf2) 24... cxd4 $17 25. exd4 Rac8 26. b3 (26. Kf2 $17 {was necessary.}) 26... Rfd8 $19 27. d5 b5 28. Nc6 Bc5+ 29. Kf1 Re8 30. Ke2 (30. Rb1 $17) 30... Rc7 (30... bxc4 $19 31. Nxc4 Bxd5) 31. a4 $2 (31. Ne5 $17) 31... bxc4 32. bxc4 h6 $2 (32... e3 $19 {and Black stays clearly on top.} 33. Nf3 {[#]} Rxc6 $1 34. dxc6 Bxc4+ 35. Kd1 Rd8+ 36. Kc1 e2) 33. Rb1 (33. h4 $142) 33... g5 $17 34. h4 $2 (34. fxg5 $17 f4 35. Kf1 (35. gxh6+ Kh7 $17)) 34... Bh5+ $19 35. Ke1 Bf3 {[%emt 0:11:59] A strong pair of Bishops.} 36. Rg3 g4 37. Ne5 Bd6 38. Kf2 Bc5+ $2 ({Black should play} 38... Kg7 $19 39. Ndxf3 exf3) 39. Kf1 $2 (39. Ke1 $1 $11 {and White is okay.}) 39... Kh7 40. Re1 $2 (40. Rb3 {is a better chance.}) 40... Bb4 41. d6 (41. Ndxf3 {was called for.} exf3 42. Re3) 41... Bxd6 ({Worse is} 41... Bxd2 42. dxc7 Rc8 43. Rxf3 (43. Nxf3 $2 exf3 44. Re7+ Kg6 $19) 43... Bxe1 44. Rb3 $17) 42. Ndxf3 gxf3 43. Kf2 Bxe5 44. fxe5 Rxc4 {[%emt 0:02:12][%mdl 4096] Endgame Threatens to win with ...f4. KRR-KRR} 45. Rb1 Re7 {[%emt 0:00:58] Strongly threatening ...f4.} 46. Ke3 Rc5 47. e6 Re5 48. Kf4 R7xe6 49. h5 f2 {[%emt 0:01:45] aiming for ...e3.} 50. Ke3 {[%emt 0:00:00] [#]} (50. Re3 $19 Ra5 51. Rf1) 50... f4+ 51. Kxf4 e3 {[%emt 0:00:11] Weighted Error Value: White=0.72/Black=0.45} 0-1

[Event "Dutch Open 2022"]
[Site "Dieren"]
[Date "2022.08.04"]
[Round "9.10"]
[White "Bus, Tom"]
[Black "Manukonda Arun"]
[Result "1/2-1/2"]
[ECO "D02"]
[WhiteElo "2102"]
[BlackElo "2021"]
[Annotator "TA"]
[PlyCount "22"]
[EventDate "2022.07.14"]
[EventType "swiss"]
[EventCountry "NED"]
[SourceTitle "playchess.com"]
[Source "ChessBase"]
[SourceQuality "1"]
[TimeControl "40/5400+30:1800+30"]

1. Nf3 d5 2. g3 Nc6 3. d4 Bf5 4. Bg2 Nb4 5. Na3 e6 6. Nh4 {[%emt 1:31:09] D02: 1 d4 d5 2 Nf3 sidelines, including 2...Nf6 3 g3 and 2...Nf6 3 Bf4.} Be4 7. f3 Bg6 8. c3 Nc6 9. Qb3 Rb8 10. e4 {[%emt 0:00:00] [#]} Be7 $146 ({Predecessor:} 10... b5 11. O-O Na5 12. Qd1 Bxa3 13. bxa3 Qd7 14. exd5 Qxd5 15. a4 Nf6 16. axb5 Qxb5 17. Nxg6 hxg6 {½-½ (32) Yilmazyerli,M (2504)-Demchenko,A (2654) Teplice 2022}) 11. Nxg6 hxg6 {[%emt 0:01:16] Black got outplayed after the opening.  Weighted Error Value: White=0.05 (flawless) /Black=0.12 (very precise)} 1/2-1/2